 Dungeon Crawl Stone Soup version 0.30-a0-1066-g63dfefce0d (webtiles) character file.

Game seed: 9067950793835353192

154 GigaChad the Shield-Bearer (level 5, 0/42 HPs) *EXPLORE*
             Began as a Formicid Fighter on Apr 12, 2023.
             Killed by nerve-wracking pain
             ... invoked by Grinder
              (11 damage)
             ... on level 3 of the Dungeon.
             The game lasted 00:03:21 (2039 turns).

GigaChad the Shield-Bearer (Formicid Fighter)       Turns: 2039, Time: 00:03:23

Health: 0/42       AC:  9    Str: 23    XL:     5   Next: 63%
Magic:  5/5        EV:  8    Int:  7    God:
Gold:   121        SH:  5    Dex: 13    Spells: 4/4 levels left

rFire   . . .      SeeInvis +    a - +0 war axe
rCold   . . .      Faith    .    c - +0 buckler
rNeg    . . .      Spirit   .    j - +0 chain mail
rPois   .          Reflect  .    (helmet unavailable)
rElec   .          Rampage  .    (no cloak)
rCorr   .                        (no gloves)
Will    .....                    (no boots) Stlth
                                 (no amulet)
HPRegen 0.27/turn                (no ring)
MPRegen 0.09/turn                (no ring)

@: no status effects
A: permanent stasis, dig shafts and tunnels, antennae 3, four strong arms
a: Dig, Shaft Self


You were on level 3 of the Dungeon.
You visited 1 branch of the dungeon, and saw 3 of its levels.

You collected 121 gold pieces.

Inventory:

Hand Weapons
 a - a +0 war axe (weapon)
Armour
 b - a +0 scale mail
 c - a +0 buckler (worn)
 j - a +0 chain mail (worn)
Jewellery
 l - a ring of wizardry
Scrolls
 f - a scroll of identify
 g - 3 scrolls of teleportation {unknown}
 h - a scroll of fear {unknown}
 p - a scroll of noise {unknown}
Potions
 d - 3 potions of might
 e - 2 potions of heal wounds {unknown}
 i - a potion of haste {unknown}
 k - a potion of cancellation {unknown}
 m - 2 potions of mutation
 n - 2 potions of degeneration {unknown}
 o - a potion of ambrosia {unknown}


   Skills:
 * Level 4.1 Fighting
 * Level 3.8 Axes
 * Level 4.1 Armour
 * Level 4.8 Shields


You had 4 spell levels left.
You didn't know any spells.
Your spell library contained the following spells:

 Spells                   Type           Power      Damage    Failure   Level
 Summon Small Mammal      Summ           0%         N/A       97%         1
 Call Canine Familiar     Summ           0%         N/A       100%        3
 Summon Guardian Golem    Hex/Summ       0%         N/A       100%        3


Dungeon Overview and Level Annotations

Branches:
Dungeon (3/15)

Altars:
Qazlal

Shops:
D:1 :

Annotations:
D:3 Grinder


Innate Abilities, Weirdness & Mutations

You cannot be hasted, slowed, berserked, paralysed or teleported.
You can dig through walls and to a lower floor.
You have a pair of large antennae on your head. (SInv)
Your four strong arms can wield two-handed weapons with a shield.


Message History

There are monsters nearby!
Grinder blinks!
There are monsters nearby!
Grinder gestures at you. Pain shoots through your body!
Grinder gestures at you.
Your stasis prevents you from being paralysed.
There are monsters nearby!
You barely miss Grinder. You block Grinder's attack. Grinder hits you.
You writhe in agony.
You hit Grinder.
Grinder is lightly wounded.
Grinder hits you but does no damage.
You hit Grinder.
Grinder is lightly wounded.
Grinder hits you.
You writhe in agony.
You are too injured to fight recklessly!
You are too injured to fight recklessly!
Unknown command.
You are too injured to fight recklessly!
You are too injured to fight recklessly!
Unknown command.
You closely miss Grinder.
Grinder is lightly wounded.
You slash the frilled lizard!
You kill the frilled lizard!
Grinder hits you but does no damage. Grinder hits you.
* * * LOW HITPOINT WARNING * * *
You barely miss Grinder.
Grinder is lightly wounded.
Grinder gestures at you. Pain shoots through your body!
Die? [Y]es or [N]o only, please.
Die? [Y]es or [N]o only, please.
Die? [Y]es or [N]o only, please.
Die?
You die...

### ..# ##.## #P.P# ###
##≈.≈## #..
###≈≈.≈≈##.♣.♣.
.##P≈≈≈.≈≈≈P.....#########
........†@5...8..#........
##P≈≈≈.≈≈≈P.....#........
###≈≈.≈≈##.♣.♣.#........
##≈.≈## .. #........ #P.P#
####........ ##.##
#.......... #..#
#.......... #.####
#..........
#....#######.........


You could see Grinder.

Vanquished Creatures
  An orc priest (D:3)
  Terence (D:3)
  3 adders
  A gnoll (D:1)
  A worm (D:2)
  A dart slug (D:2)
  5 orcs
  5 bats
  2 endoplasms
  2 giant cockroaches
  4 goblins
  9 hobgoblins
  A kobold (D:2)
  3 quokkas (D:1)
  7 ball pythons
  A frilled lizard (D:3)
  5 rats
52 creatures vanquished.

Notes
Turn   | Place    | Note
-------+----------+-------------------------------------------
     0 | D:1      | GigaChad the Formicid Fighter began the quest for the Orb.
     0 | D:1      | Reached XP level 1. HP: 18/18 MP: 1/1
     0 | D:1      | Entered explore mode.
    69 | D:1      | Reached XP level 2. HP: 23/24 MP: 2/2
   233 | D:1      | Reached XP level 3. HP: 23/30 MP: 3/3
   359 | D:1      | Found Itaehi's Book Emporium.
   795 | D:2      | Reached XP level 4. HP: 37/37 MP: 4/4
  1656 | D:3      | Noticed Terence
  1670 | D:3      | Killed Terence
  1671 | D:3      | Reached XP level 5. HP: 17/42 MP: 5/5
  1788 | D:3      | Found a faded altar of an unknown god.
  1793 | D:3      | Found a stormy altar of Qazlal.
  2030 | D:3      | Noticed Grinder
  2039 | D:3      | Killed from afar by Grinder

Illustrated notes

Levels and vault maps discovered:
D:1:      eino_arrival_water_star, layout_loops_ring, serial_shops, shop,
          chequers_garden, minmay_tall_x
D:2:      layout_basic
D:3:      kennysheep_the_goblin_king, layout_basic,
          nicolae_overflow_ecumenical_swirl, dreamdust_princess_bridge,
          uniq_terence, uniq_grinder

Skill      XL: |  1  2  3  4  5 |
---------------+----------------+-----
Axes           | 3 |  3.8
Fighting       | 4 |  4.1
Armour         | 4 |  4.1
Shields        | |  4.8

Action                     |  1- 3 |  4- 6 || total
---------------------------+-------+-------++-------
  Melee: War axe           |    69 |    71 ||   140
    Use: Scroll            |       |     4 ||     4
 Armour: Scale mail        |    43 |    10 ||    53
         Chain mail        |       |    15 ||    15
  Dodge: Dodged            |    40 |    30 ||    70
  Block: Buckler           |    20 |    13 ||    33

Table legend: (Time is in decaauts)
 A = Elapsed time spent in this place.
 B = Non-inter-level travel time spent in this place.
 C = Inter-level travel time spent in this place.
 D = Time resting spent in this place.
 E = Time spent auto-exploring this place.
 F = Levels seen in this place.
 G = Mean time per level.
                   A        B        C        D        E       F      G
               +--------+--------+--------+--------+--------+-----+--------+
         Total |   2099 |   2075 |     24 |      0 |   1570 |   3 |  699.7 |
       Dungeon |   2099 |   2075 |     24 |      0 |   1570 |   3 |  699.7 |
               +--------+--------+--------+--------+--------+-----+--------+

Top non-repeatable levels by time:
     D:2: 952 daAuts
     D:1: 652 daAuts
     D:3: 493 daAuts
